 Dungeon Crawl Stone Soup version 0.30-a0-1016-gfb0d676c02 (webtiles) character file.

Game seed: 8063135602428298783

11 Leibowitz the Covered (level 2, 27/27 HPs)
             Began as a Minotaur Fighter on Apr 7, 2023.
             Quit the game on level 1 of the Dungeon.
             The game lasted 00:04:11 (244 turns).

Leibowitz the Covered (Minotaur Fighter)             Turns: 244, Time: 00:04:11

Health: 27/27      AC:  7    Str: 20    XL:     2   Next: 13%
Magic:  1/1        EV:  9    Int:  5    God:
Gold:   0          SH:  4    Dex:  9    Spells: 1/1 levels left

rFire   . . .      SeeInvis .    a - +0 flail
rCold   . . .      Faith    .    c - +0 buckler
rNeg    . . .      Spirit   .    b - +0 scale mail
rPois   .          Reflect  .    (helmet restricted)
rElec   .          Rampage  .    (no cloak)
rCorr   .                        (no gloves)
Will    .....                    (no boots) Stlth
                                 (no amulet)
HPRegen 0.24/turn                (no ring)
MPRegen 0.07/turn                (no ring)

@: mighty
A: horns 2, retaliatory headbutt
a: no special abilities


You were on level 1 of the Dungeon.
You visited 1 branch of the dungeon, and saw 1 of its levels.

Inventory:

Hand Weapons
 a - a +0 flail (weapon)
Armour
 b - a +0 scale mail (worn)
 c - a +0 buckler (worn)


   Skills:
 + Level 3.8 Fighting
 + Level 2.4 Maces & Flails
 + Level 3.9 Armour
 + Level 0.2 Dodging
 + Level 3.9 Shields


You had one spell level left.
You didn't know any spells.
Your spell library was empty.

Dungeon Overview and Level Annotations

Branches:
Dungeon (1/15)

Altars:

Shops:
D:1 (


Innate Abilities, Weirdness & Mutations

You have a pair of horns on your head.
You reflexively headbutt those who attack you in melee.


Message History

You have reached level 2!
You see here a jackal corpse.
A kobold comes into view. It is wielding a +0 whip.
The kobold shouts!
You hear a shout!
A kobold is nearby!
The kobold throws a stone.
You block the stone. The kobold hits you but does no damage.
A hobgoblin comes into view.
The kobold closely misses you. You furiously retaliate!
You headbutt the kobold!
You kill the kobold!
You block the hobgoblin's attack. You block the hobgoblin's attack.
The hobgoblin hits you but does no damage.
You block the hobgoblin's attack. You block the hobgoblin's attack.
You block the hobgoblin's attack. The hobgoblin barely misses you.
You furiously retaliate!
You headbutt the hobgoblin. The hobgoblin hits you. The hobgoblin hits you.
The hobgoblin closely misses you.
The hobgoblin hits you but does no damage.
The hobgoblin hits you. The hobgoblin closely misses you.
You furiously retaliate!
You headbutt the hobgoblin.
You kill the hobgoblin!
Sorry, I don't know how to traverse that place.
You see here a jackal corpse.
There is an open door here.
There is a stone staircase leading down here.
There is an open door here.
Unknown command.
Unknown command.
Unknown command.
You feel very mighty all of a sudden.
You aren't carrying any potions.
You are mighty.
Your movement speed is average.
Your attack delay is about 1.3.
Your damage rating with your +0 flail is about 13 (Base 10 x 125% (Str) x 110% (Skill)).
Are you sure you want to abandon this character and quit the game? (Confirm with "yes".)

###.$[.....# #.. ........#
... #.. #####.### #..
#######.. # #.# #..
......... .####.# #.#
#######.# ......#### #.#
########.# .#.....††# #.#
#........# ########.# #.#
#.########
.∩..>..'.#######@#######.#
######
##')####.................#
#..... ....[#
#.........######### #.8..≈
###### #########.# #.....
######.# #..# ######
.......# #.## #####
######## #.# #....
######### #.# #....
).......# #.# #.<..


There were no monsters in sight!

Vanquished Creatures
  An endoplasm (D:1)
  A goblin (D:1)
  A hobgoblin (D:1)
  4 jackals (D:1)
  A kobold (D:1)
8 creatures vanquished.

Notes
Turn   | Place    | Note
-------+----------+-------------------------------------------
     0 | D:1      | Leibowitz the Minotaur Fighter began the quest for the Orb.
     0 | D:1      | Reached XP level 1. HP: 19/19 MP: 0/0
    96 | D:1      | Found Neihask's Antique Weapon Shop.
   162 | D:1      | Reached XP level 2. HP: 20/27 MP: 1/1
   244 | D:1      | Quit the game

Illustrated notes

Levels and vault maps discovered:
D:1:      dpeg_arrival_rooms_c, layout_loops_ring, serial_shops,
          nicolae_shop_hallway_stairs

Action                     || total
---------------------------++-------
  Melee: Flail             ||     3
    Use: Potion            ||     1
 Armour: Scale mail        ||    23
  Dodge: Dodged            ||    25
  Block: Buckler           ||    11

Table legend: (Time is in decaauts)
 A = Elapsed time spent in this place.
 B = Non-inter-level travel time spent in this place.
 C = Inter-level travel time spent in this place.
 D = Time resting spent in this place.
 E = Time spent auto-exploring this place.
 F = Levels seen in this place.
 G = Mean time per level.
                   A        B        C        D        E       F      G
               +--------+--------+--------+--------+--------+-----+--------+
         Total |    245 |    239 |      6 |      0 |    137 |   1 |  245.0 |
       Dungeon |    245 |    239 |      6 |      0 |    137 |   1 |  245.0 |
               +--------+--------+--------+--------+--------+-----+--------+

Top non-repeatable levels by time:
     D:1: 245 daAuts
